[Event "Early-Titled-Tuesday-Blitz-January-30-2024"]
[Site "Chess.com"]
[Date "2024.01.30"]
[Round "8"]
[White "maurovargas01"]
[Black "LeoWin2012"]
[Result "1-0"]
[WhiteElo "1844"]
[BlackElo "2174"]
[TimeControl "180+1"]
[EndTime "9:25:27 PST"]
[Termination "maurovargas01 won by checkmate"]

1. e4 e6 2. f4 a6 3. Nf3 h6 4. d4 c6 5. c3 g6 6. g4 Bg7 7. Bg2 b6 8. O-O Bb7 9. Qc2 Ne7 10. Be3 d6 11. Nbd2 Nd7 12. f5 gxf5 13. gxf5 e5 14.
Nc4 Nc8 15. dxe5 Nxe5 16. Ncxe5 Bxe5 17. Nxe5 dxe5 18. Rad1 Qe7 19. f6 Qe6 20. Qd3 O-O 21. Bxh6 Re8 22. Qg3+ Kh7 23. Qg7# 1-0

[Event "Early-Titled-Tuesday-Blitz-January-30-2024"]
[Site "Chess.com"]
[Date "2024.01.30"]
[Round "8"]
[White "MathiasWomacka"]
[Black "cristiano78"]
[Result "1-0"]
[WhiteElo "2533"]
[BlackElo "2288"]
[TimeControl "180+1"]
[EndTime "9:25:30 PST"]
[Termination "MathiasWomacka won by resignation"]

1. e4 c5 2. Nf3 d6 3. d4 cxd4 4.
Nxd4 Nf6 5. Nc3 g6 6. Be3 Bg7 7. f3 O-O 8. Qd2 Nc6 9. O-O-O d5 10. exd5 Nxd5 11. Nxc6 bxc6 12. Bd4 e5 13. Bc5 Be6 14.
Ne4 Qc7 15. Bxf8 Rxf8 16. Bc4 Rd8 17. Bb3 h6 18. c4 f5 19. cxd5 cxd5+ 20. Nc3 Bf7 21. Kb1 d4 22. Bxf7+ Qxf7 23. Ne2 e4 24. fxe4 d3 25. exf5 Qxf5 26. Nc3 1-0

[Event "Early-Titled-Tuesday-Blitz-January-30-2024"]
[Site "Chess.com"]
[Date "2024.01.30"]
[Round "8"]
[White "Agibileg"]
[Black "SharapovEvgeny"]
[Result "1-0"]
[WhiteElo "2774"]
[BlackElo "2563"]
[TimeControl "180+1"]
[EndTime "9:25:52 PST"]
[Termination "Agibileg won by resignation"]

1. d4 d5 2. c4 c6 3. Nf3 Nf6 4. Nc3 e6 5. Bg5 Nbd7 6. cxd5 exd5 7. e3 Be7 8. Bd3 Nh5 9. Bxe7 Qxe7 10. O-O g6 11.
Qb1 O-O 12. b4 a6 13. a4 Ndf6 14. Rc1 Ng7 15. b5 axb5 16. axb5 Rxa1 17. Qxa1 Bf5 18. Bxf5 Nxf5 19. bxc6 bxc6 20. Qa6 c5 21. dxc5 Ne4 22. Nxd5 Qd8 23. Qc4 Nf6 24. e4 Nxd5 25. exd5 Ne7 26.
d6 Nc6 27. Nd4 Ne5 28. Qd5 Nd3 29. Rd1 Qa5 30. Nc6 1-0

[Event "Early-Titled-Tuesday-Blitz-January-30-2024"]
[Site "Chess.com"]
[Date "2024.01.30"]
[Round "8"]
[White "NovakRatko"]
[Black "tetrix83"]
[Result "1/2-1/2"]
[WhiteElo "2389"]
[BlackElo "2543"]
[TimeControl "180+1"]
[EndTime "9:26:06 PST"]
[Termination "Game drawn by repetition"]

1. d4 Nf6 2. c4 g6 3. Nc3 Bg7 4. e4 O-O 5. f3 d6 6. Be3 e5 7. Nge2 c6 8. Qd2 Nbd7 9. d5 cxd5 10. cxd5 a6 11. g4 h5 12. gxh5 Nxh5 13. Ng3 Nf4 14.
Bxf4 exf4 15. Qxf4 Ne5 16. Be2 b5 17. a3 Qb6 18. h4 b4 19. axb4 Qxb4 20. Qd2 Rb8 21. Nd1 Qc5 22. Qe3 Qb4+ 23. Qd2 Qb3 24. Qe3 Qb4+ 25.
Qd2 1/2-1/2

[Event "Early-Titled-Tuesday-Blitz-January-30-2024"]
[Site "Chess.com"]
[Date "2024.01.30"]
[Round "8"]
[White "carloseduar100"]
[Black "djano"]
[Result "1-0"]
[WhiteElo "2297"]
[BlackElo "2645"]
[TimeControl "180+1"]
[EndTime "9:26:07 PST"]
[Termination "carloseduar100 won by resignation"]

1. g3 h5 2. Bg2 h4 3. d4 c5 4. c4 cxd4 5. Qxd4 Nc6 6. Qd1 Nf6 7. Nc3 e5 8. Bg5 h3 9. Nxh3 Bc5 10. Ne4 Bb4+ 11.
Kf1 Nxe4 12. Bxd8 Nd2+ 13. Kg1 Nxd8 14. a3 Ba5 15. b4 Nxc4 16. bxa5 d6 17. Ng5 f6 18.
Qd5 Nb2 19. Ne4 Be6 20. Nxd6+ Ke7 21. Qc5 b6 22. Nf5+ Kf7 23. Qe7+ Kg6 24. Qxg7+ 1-0

[Event "Early-Titled-Tuesday-Blitz-January-30-2024"]
[Site "Chess.com"]
[Date "2024.01.30"]
[Round "8"]
[White "GHANDEEVAM2003"]
[Black "Iball95"]
[Result "1-0"]
[WhiteElo "3054"]
[BlackElo "2786"]
[TimeControl "180+1"]
[EndTime "9:26:18 PST"]
[Termination "GHANDEEVAM2003 won by checkmate"]

1. b3 d5 2. Bb2 Nf6 3. Nf3 e6 4. g3 Be7 5. Bg2 O-O 6. O-O c5 7. e3 Nc6 8. d4 b6 9. c4 cxd4 10. Nxd4 Bb7 11. Nc3 Rc8 12. cxd5 exd5 13. Nf5 Qd7 14.
Nxd5 Nxd5 15. Qg4 Bf6 16. Bxf6 Nxf6 17. Qxg7# 1-0

[Event "Early-Titled-Tuesday-Blitz-January-30-2024"]
[Site "Chess.com"]
[Date "2024.01.30"]
[Round "8"]
[White "ImportedItalianMaple"]
[Black "vladgoncharov"]
[Result "0-1"]
[WhiteElo "2467"]
[BlackElo "2639"]
[TimeControl "180+1"]
[EndTime "9:26:24 PST"]
[Termination "vladgoncharov won by resignation"]

1. e4 e6 2. Qe2 c5 3. Nf3 Nc6 4. g3 g6 5. Bg2 Bg7 6. O-O Nge7 7. c3 O-O 8. Rd1 e5 9. Na3 d5 10. exd5 Nxd5 11. d3 h6 12. Nc4 Re8 13. a3 b5 14.
Ne3 Nd4 15. cxd4 exd4 16. Nxd4 cxd4 17. Bxd5 dxe3 18. Bxa8 exf2+ 19. Kxf2 Rxe2+ 20. Kxe2 Bg4+ 21. Bf3 Qe7+ 22. Be3 Bd4 0-1

[Event "Early-Titled-Tuesday-Blitz-January-30-2024"]
[Site "Chess.com"]
[Date "2024.01.30"]
[Round "8"]
[White "Adar_07"]
[Black "chedimir"]
[Result "1-0"]
[WhiteElo "2637"]
[BlackElo "2423"]
[TimeControl "180+1"]
[EndTime "9:26:28 PST"]
[Termination "Adar_07 won by resignation"]

1. e4 c5 2. Nf3 d6 3. Bb5+ Nd7 4. O-O a6 5. Bxd7+ Bxd7 6. c4 Bc6 7. Nc3 Nf6 8. Re1 e5 9. d3 h6 10. Nh4 g6 11. f4 Bg7 12. f5 g5 13. Nf3 Nd7 14. g4 b5 15. b3 Bf6 16. Ne2 h5 17. gxh5 g4 18. Nd2 Ke7 19. Ng3 Qg8 20.
Ndf1 b4 21. Ne3 Bh4 22. Kg2 Bxg3 23. hxg3 Nf6 24. Rh1 Nxe4 25. dxe4 Bxe4+ 26. Kf2 Bxh1 27. Qxh1 Qh7 28. Qb7+ Kf6 29. Nd5+ Kxf5 30. Qd7+ Ke4 31. Qxg4+ Kd3 32. Qe2+ 1-0

[Event "Early-Titled-Tuesday-Blitz-January-30-2024"]
[Site "Chess.com"]
[Date "2024.01.30"]
[Round "8"]
[White "oogee"]
[Black "dianamirza"]
[Result "1-0"]
[WhiteElo "2306"]
[BlackElo "1988"]
[TimeControl "180+1"]
[EndTime "9:26:39 PST"]
[Termination "oogee won by resignation"]

1. c4 c5 2. Nf3 g6 3. d4 cxd4 4. Nxd4 Bg7 5. Nc3 Nc6 6. Nc2 d6 7. e4 Nf6 8. Be2 Bd7 9. h4 h5 10. Bg5 Rc8 11. Rc1 Ne5 12. b3 Nfg4 13. O-O Nxc4 14.
Bxc4 Bxc3 15. Nd4 Qa5 16. Qf3 Ne5 17. Qxc3 Qxc3 18. Rxc3 b5 19. Nxb5 Bxb5 20. Bxb5+ Kd8 21. Rfc1 Rxc3 22. Rxc3 1-0

[Event "Early-Titled-Tuesday-Blitz-January-30-2024"]
[Site "Chess.com"]
[Date "2024.01.30"]
[Round "8"]
[White "Practical-Play"]
[Black "adotand"]
[Result "0-1"]
[WhiteElo "2598"]
[BlackElo "2827"]
[TimeControl "180+1"]
[EndTime "9:26:40 PST"]
[Termination "adotand won by resignation"]

1. e4 Nc6 2. Nf3 d6 3. d4 Nf6 4. d5 Nb8 5. Nc3 g6 6. h3 Bg7 7. Be3 O-O 8. Qd2 c6 9. Bh6 Nbd7 10. h4 Nc5 11. Bxg7 Kxg7 12. Qe3 h5 13. dxc6 bxc6 14. e5 Ng4 15. Qd4 Ne6 16. Qa4 Qb6 17. O-O-O Nxf2 18. exd6 Nxd1 19. dxe7 Re8 20. Nxd1 Rxe7 21. Bd3 Rb8 22. g4 Qb4 23. Qxc6 Bb7 0-1

[Event "Early-Titled-Tuesday-Blitz-January-30-2024"]
[Site "Chess.com"]
[Date "2024.01.30"]
[Round "8"]
[White "Zohid6"]
[Black "Vsevolod_Ovchinnikov"]
[Result "1-0"]
[WhiteElo "2866"]
[BlackElo "2647"]
[TimeControl "180+1"]
[EndTime "9:26:51 PST"]
[Termination "Zohid6 won by checkmate"]

1. d4 g6 2. Nc3 Bg7 3. e4 a6 4.
f4 b5 5. Nf3 d6 6. Bd3 Bb7 7.
Ne2 Nf6 8. Ng3 O-O 9. c3 Nbd7 10.
e5 Nd5 11. h4 c5 12. h5 cxd4 13. Ng5 dxe5 14. Nxh7 Nxf4 15. Bxf4 exf4 16. hxg6 fxg3 17. Qh5 fxg6 18. Qxg6 Ne5 19. Nf6+ Rxf6 20. Rh8+ Kxh8 21. Qh7# 1-0

[Event "Early-Titled-Tuesday-Blitz-January-30-2024"]
[Site "Chess.com"]
[Date "2024.01.30"]
[Round "8"]
[White "dcann0n88"]
[Black "profedechess93"]
[Result "1-0"]
[WhiteElo "2468"]
[BlackElo "2604"]
[TimeControl "180+1"]
[EndTime "9:26:59 PST"]
[Termination "dcann0n88 won by resignation"]

1. d4 d5 2. c4 c6 3. cxd5 cxd5 4. Bf4 Nf6 5. Nc3 Nc6 6. Nf3 a6 7. e3 e6 8. Bd3 Be7 9. O-O O-O 10. Rc1 Bd7 11.
h3 Rc8 12. Bb1 Na5 13. Ne5 Be8 14. Qd3 Nc4 15. b3 Nd6 16. Ng4 Nf5 17. Nxf6+ Bxf6 18. g4 g5 19. Bh2 1-0

[Event "Early-Titled-Tuesday-Blitz-January-30-2024"]
[Site "Chess.com"]
[Date "2024.01.30"]
[Round "8"]
[White "the_chess_child"]
[Black "MKlose11"]
[Result "1-0"]
[WhiteElo "2887"]
[BlackElo "2665"]
[TimeControl "180+1"]
[EndTime "9:27:11 PST"]
[Termination "the_chess_child won by resignation"]

1. e4 e6 2. d3 d5 3. Nd2 Nf6 4. Ngf3 b6 5. g3 Ba6 6. e5 Nfd7 7. Bg2 c5 8. O-O Nc6 9. Re1 Be7 10. Nf1 Qc7 11. Bf4 O-O-O 12. a3 h6 13. h4 Rdg8 14. h5 g5 15. hxg6 fxg6 16. g4 g5 17. Bg3 h5 18. Ne3 Nd4 19. gxh5 g4 20. Nxd4 cxd4 21. Nxg4 Rxh5 22. Nf6 Nxf6 23. exf6 Rxg3 24. Qxh5 Rxg2+ 25. Kxg2 Bxf6 26. Rxe6 Qg7+ 27. Kf1 1-0

[Event "Early-Titled-Tuesday-Blitz-January-30-2024"]
[Site "Chess.com"]
[Date "2024.01.30"]
[Round "8"]
[White "whitemirrorninja"]
[Black "ferrufino64"]
[Result "1-0"]
[WhiteElo "2470"]
[BlackElo "2237"]
[TimeControl "180+1"]
[EndTime "9:27:11 PST"]
[Termination "whitemirrorninja won on time"]

1. e4 c5 2. Nc3 Nc6 3. Bb5 g6 4. Bxc6 dxc6 5. f4 Bg7 6. Nf3 Nf6 7. d3 O-O 8. O-O Bg4 9. Qe1 Bxf3 10. Rxf3 Nd7 11. Rh3 f5 12. Qh4 h6 13. Qg3 Kh7 14.
Be3 e6 15. e5 Qe7 16. Kh1 Nb6 17. Qf2 Nd7 18. Rg1 b6 19. Nb1 Rad8 20. Nd2 Nb8 21.
Nf3 Kg8 22. g4 fxg4 23. Rxg4 Qf7 24. Rhg3 Kh7 25. Qg2 1-0

[Event "Early-Titled-Tuesday-Blitz-January-30-2024"]
[Site "Chess.com"]
[Date "2024.01.30"]
[Round "8"]
[White "Grossboss19"]
[Black "pirulillo"]
[Result "1-0"]
[WhiteElo "2611"]
[BlackElo "2298"]
[TimeControl "180+1"]
[EndTime "9:27:36 PST"]
[Termination "Grossboss19 won by resignation"]

1. Nf3 Nf6 2. d4 g6 3. c4 Bg7 4.
Nc3 O-O 5. g3 d6 6. Bg2 Bf5 7.
Nh4 Bc8 8. O-O c6 9. e4 e5 10. d5 cxd5 11. cxd5 a6 12. f4 b5 13. a3 Nbd7 14. Nf3 Re8 15. Re1 a5 16. fxe5 Nxe5 17.
Nxe5 Rxe5 18. Bf4 Qb6+ 19. Be3 Qb8 20. Bd4 Nd7 21. b4 Re8 22. Rb1 axb4 23. Rxb4 Rxa3 24. Nxb5 Ba6 25. Bxg7 Kxg7 26. Qd4+ Ne5 27. Nxa3 1-0

[Event "Early-Titled-Tuesday-Blitz-January-30-2024"]
[Site "Chess.com"]
[Date "2024.01.30"]
[Round "8"]
[White "Nemegejas"]
[Black "maximnovik"]
[Result "1-0"]
[WhiteElo "2862"]
[BlackElo "2613"]
[TimeControl "180+1"]
[EndTime "9:27:44 PST"]
[Termination "Nemegejas won by resignation"]

1. Nf3 Nf6 2. g3 g6 3. Bg2 d5 4. O-O Bg7 5. d3 O-O 6. c4 dxc4 7. dxc4 Qxd1 8. Rxd1 c6 9. Nc3 Na6 10. Bf4 Be6 11. b3 Rfd8 12. Rac1 Nc5 13. Be3 Nfe4 14.
Nxe4 Nxe4 15. Nd4 Bf5 16. g4 Bxd4 17. Rxd4 Rxd4 18. Bxd4 Rd8 19. Be3 Nc3 20. Rxc3 Rd1+ 21. Bf1 Bxg4 22. Rc1 Bxe2 23. Rxd1 Bxd1 24. Bxa7 e5 25. Bb8 f6 26. Bh3 Bc2 27. Bc8 Bb1 28. Bxb7 Bxa2 29. b4 Bxc4 30. Bxc6 Kf7 31. b5 1-0

[Event "Early-Titled-Tuesday-Blitz-January-30-2024"]
[Site "Chess.com"]
[Date "2024.01.30"]
[Round "8"]
[White "VinzentSpitzl"]
[Black "mbchess97"]
[Result "0-1"]
[WhiteElo "2612"]
[BlackElo "2422"]
[TimeControl "180+1"]
[EndTime "9:27:44 PST"]
[Termination "mbchess97 won by checkmate"]

1. e4 c5 2. Nf3 d6 3. d4 cxd4 4. Nxd4 Nf6 5. Nc3 Nc6 6. Bg5 e6 7. Qd2 a6 8. O-O-O Be7 9. h4 Bd7 10. f3 Nxd4 11. Qxd4 b5 12. a3 Qc7 13. Qd2 O-O 14. h5 h6 15. Be3 Rfc8 16. g4 b4 17.
axb4 a5 18. b5 a4 19. g5 a3 20. gxf6 axb2+ 21. Kxb2 Qa5 22. Nb1 Bxf6+ 23. Bd4 Bxd4+ 24.
Qxd4 Qa2+ 25. Kc1 Qxc2# 0-1

[Event "Early-Titled-Tuesday-Blitz-January-30-2024"]
[Site "Chess.com"]
[Date "2024.01.30"]
[Round "8"]
[White "garfield_pg"]
[Black "Sanyura"]
[Result "0-1"]
[WhiteElo "2467"]
[BlackElo "2643"]
[TimeControl "180+1"]
[EndTime "9:27:47 PST"]
[Termination "Sanyura won by checkmate"]

1. d4 Nf6 2. Bf4 g6 3. Nc3 Bg7 4. e4 O-O 5. Qd2 d6 6. Bh6 c5 7.
Bxg7 Kxg7 8. d5 e6 9. O-O-O exd5 10. exd5 Qa5 11. Kb1 b5 12. Bxb5 Na6 13. h4 Rb8 14. Bxa6 Qxa6 15. h5 Qa3 16. b3 Bf5 17. Ka1 c4 18. Qd4 h6 19. g4 cxb3 20. gxf5 bxc2 21. Nge2 Qb2# 0-1

[Event "Early-Titled-Tuesday-Blitz-January-30-2024"]
[Site "Chess.com"]
[Date "2024.01.30"]
[Round "8"]
[White "eagleclaw07"]
[Black "Perecke"]
[Result "0-1"]
[WhiteElo "2737"]
[BlackElo "2579"]
[TimeControl "180+1"]
[EndTime "9:27:48 PST"]
[Termination "Perecke won by resignation"]

1. d4 Nf6 2. c4 e6 3. Nc3 d5 4.
cxd5 exd5 5. Bg5 Be7 6. e3 O-O 7. Bd3 Re8 8. Nf3 Nbd7 9. O-O c6 10. Qc2 h6 11. Bf4 Nh5 12. Be5 Nhf6 13. Rfd1 Nxe5 14. dxe5 Nd7 15. e4 d4 16. Bc4 dxc3 17. e6 fxe6 18. Bxe6+ Kh8 19. Bxd7 Bxd7 20. Ne5 Qc7 21. Nxd7 Rad8 22.
Qd3 c2 23. Qxc2 Rxd7 24. Rxd7 Qxd7 25. Rd1 Qe6 26. b3 Bf6 27. f3 Qe7 28. g3 Rd8 29. Rxd8+ Qxd8 30. f4 Qd4+ 31. Kg2 Qb2 32. Qxb2 Bxb2 33.
e5 Kg8 34. Kf3 Kf7 35. Ke4 Ke7 36. h4 h5 37. Kf5 Kf7 38. Kg5 g6 39. g4 hxg4 40.
Kxg4 Ke6 41. Kg5 Bc1 42. Kg4 c5 0-1

[Event "Early-Titled-Tuesday-Blitz-January-30-2024"]
[Site "Chess.com"]
[Date "2024.01.30"]
[Round "8"]
[White "GatoRojo150"]
[Black "Hongjin"]
[Result "0-1"]
[WhiteElo "2585"]
[BlackElo "2801"]
[TimeControl "180+1"]
[EndTime "9:27:49 PST"]
[Termination "Hongjin won by resignation"]

1. e4 c5 2. Nf3 e6 3. Nc3 Nc6 4. d4 cxd4 5. Nxd4 a6 6. Nb3 Nf6 7. Bd3 d5 8. exd5 Nxd5 9. Nxd5 Qxd5 10. O-O Be7 11. c4 Qd6 12. Qe2 O-O 13. Rd1 Qe5 14.
Qf3 Bd6 15. Bxh7+ Kxh7 16. Qd3+ g6 17. f4 Bc5+ 18. Kh1 Qh5 19. g4 Qxg4 20. Nxc5 Rd8 21.
Be3 Rxd3 22. Rxd3 b6 23. Ne4 Qf3+ 0-1

[Event "Early-Titled-Tuesday-Blitz-January-30-2024"]
[Site "Chess.com"]
[Date "2024.01.30"]
[Round "8"]
[White "toninhojit"]
[Black "UK_23"]
[Result "0-1"]
[WhiteElo "2554"]
[BlackElo "2412"]
[TimeControl "180+1"]
[EndTime "9:27:51 PST"]
[Termination "UK_23 won by resignation"]

1. d4 d5 2. c4 e6 3. Nf3 Nf6 4. Nc3 Be7 5. Bg5 O-O 6. e3 b6 7. Bxf6 Bxf6 8. cxd5 exd5 9. b4 c5 10. bxc5 bxc5 11. Qd2 c4 12. Be2 Nc6 13. O-O Be6 14. Bd1 Qa5 15. Ba4 Rfc8 16. Bxc6 Rxc6 17. Ne5 Rcc8 18. f4 g6 19. Rac1 Bf5 20. g4 Bxe5 21. gxf5 Bg7 22. fxg6 hxg6 23. f5 Rc6 24. Qg2 Rd8 25. Kh1 Rf6 26. Qh3 Re8 27. fxg6 Rxg6 28. Qf5 Rxe3 29. Qxf7+ Kh7 30. Rg1 Ree6 31. Nxd5 Qxd5+ 0-1

[Event "Early-Titled-Tuesday-Blitz-January-30-2024"]
[Site "Chess.com"]
[Date "2024.01.30"]
[Round "8"]
[White "ViIIagra"]
[Black "MagnusCarlsen"]
[Result "0-1"]
[WhiteElo "2979"]
[BlackElo "3297"]
[TimeControl "180+1"]
[EndTime "9:28:01 PST"]
[Termination "MagnusCarlsen won by resignation"]

1. g3 h5 2. Nf3 h4 3. Nxh4 e5 4. d4 exd4 5. Nf3 d5 6. Nxd4 c5 7. Nf3 Nc6 8. Bg2 Nf6 9. Bg5 Be7 10. O-O Be6 11. Nc3 d4 12. Bxf6 gxf6 13. Ne4 f5 14.
Ned2 f4 15. c3 fxg3 16. fxg3 Qb6 17. cxd4 O-O-O 18. Kh1 Kb8 19. Qc1 Nxd4 20. Nc4 Qc7 21. Nxd4 Rxd4 22. Nd2 Qxg3 23. Nf3 Bd6 0-1

[Event "Early-Titled-Tuesday-Blitz-January-30-2024"]
[Site "Chess.com"]
[Date "2024.01.30"]
[Round "8"]
[White "karinachess1"]
[Black "yjjga"]
[Result "1-0"]
[WhiteElo "2627"]
[BlackElo "2452"]
[TimeControl "180+1"]
[EndTime "9:28:05 PST"]
[Termination "karinachess1 won by resignation"]

1. d4 d5 2. c4 c6 3. Nf3 Nf6 4. g3 Bf5 5. Qb3 Qb6 6. Nc3 Nbd7 7. cxd5 cxd5 8. Nxd5 Nxd5 9. Qxd5 Qb4+ 10. Bd2 Qxb2 11. Rc1 e6 12. Qa5 Ba3 13. Bg2 Qxa2 14. O-O Qb3 15. Rc3 Bb4 16. Rxb3 Bxa5 17. Bxa5 b6 18. Bb4 Rc8 19. Bd6 Rc6 20. Ba3 Rc2 21. Re1 f6 22. e4 Bg6 23. Bf1 Bh5 24. Bb5 Rc7 25. Bd6 Rc8 26. e5 f5 27. Ng5 1-0

[Event "Early-Titled-Tuesday-Blitz-January-30-2024"]
[Site "Chess.com"]
[Date "2024.01.30"]
[Round "8"]
[White "stepanosinovsky"]
[Black "Ural_bogatyr"]
[Result "1-0"]
[WhiteElo "2394"]
[BlackElo "2531"]
[TimeControl "180+1"]
[EndTime "9:28:06 PST"]
[Termination "stepanosinovsky won by resignation"]

1. e4 e5 2. Nf3 Nc6 3. Bb5 a6 4. Ba4 Nf6 5. O-O Nxe4 6. d4 b5 7. Bb3 d5 8. Nxe5 Nxe5 9. dxe5 c6 10. Be3 Bc5 11. Nd2 Nxd2 12. Qxd2 Bxe3 13. Qxe3 Bf5 14.
a4 O-O 15. Qc5 Qc7 16. axb5 axb5 17. Bxd5 Rxa1 18. Rxa1 Be6 19. Bf3 h6 20. h3 Rd8 21.
Ra7 Bd5 22. Rxc7 1-0

[Event "Early-Titled-Tuesday-Blitz-January-30-2024"]
[Site "Chess.com"]
[Date "2024.01.30"]
[Round "8"]
[White "Crazy_girl99"]
[Black "Laico"]
[Result "1-0"]
[WhiteElo "2622"]
[BlackElo "2384"]
[TimeControl "180+1"]
[EndTime "9:28:08 PST"]
[Termination "Crazy_girl99 won on time"]

1. e4 e6 2. d4 d5 3. e5 c5 4. c3 Nc6 5. Nf3 Bd7 6. Be2 Nge7 7. O-O Nf5 8. Be3 Be7 9. Nbd2 O-O 10. Bd3 Nxe3 11.
fxe3 f6 12. exf6 Bxf6 13. Qc2 h6 14. Rae1 e5 15. dxe5 Nxe5 16. Nxe5 Bxe5 17. Nf3 Qc7 18. e4 d4 19. cxd4 cxd4 20. Qb3+ Kh8 21. Qd5 Bd6 22.
e5 Bc5 23. Rc1 b6 24. b4 Bc6 25. Qe6 Be8 26. bxc5 bxc5 27. Nxd4 Rxf1+ 28. Bxf1 Bf7 29. Qf5 Rd8 30. e6 1-0

[Event "Early-Titled-Tuesday-Blitz-January-30-2024"]
[Site "Chess.com"]
[Date "2024.01.30"]
[Round "8"]
[White "Mikhail_Golubev"]
[Black "Sam_ChessMood"]
[Result "0-1"]
[WhiteElo "2680"]
[BlackElo "2902"]
[TimeControl "180+1"]
[EndTime "9:28:12 PST"]
[Termination "Sam_ChessMood won on time"]

1. e4 c5 2. Nf3 Nc6 3. Nc3 Nf6 4.
Bb5 g6 5. e5 Nh5 6. O-O Bg7 7.
Bxc6 dxc6 8. h3 Nf4 9. d3 Ne6 10. Ne4 h6 11. Be3 b6 12. Qd2 Kf8 13. c3 Bb7 14.
Rfe1 Qd5 15. c4 Qd7 16. d4 cxd4 17. Nxd4 c5 18. Nxe6+ Qxe6 19. Nc3 Kg8 20. Nd5 Kh7 21. Bf4 Rhd8 22. Rad1 Qc6 0-1

[Event "Early-Titled-Tuesday-Blitz-January-30-2024"]
[Site "Chess.com"]
[Date "2024.01.30"]
[Round "8"]
[White "secretsuperstar7"]
[Black "baki83"]
[Result "0-1"]
[WhiteElo "2517"]
[BlackElo "2791"]
[TimeControl "180+1"]
[EndTime "9:28:13 PST"]
[Termination "baki83 won by resignation"]

1. c4 e5 2. Nc3 Nf6 3. g3 c6 4. Nf3 e4 5. Ng5 d5 6. cxd5 cxd5 7. Bg2 Nc6 8. O-O h6 9. Nh3 d4 10. Nb1 Bf5 11. d3 g5 12. dxe4 Bxe4 13. Bxe4 Nxe4 14. Nd2 Nf6 15. f3 Bg7 16. Nf2 O-O 17.
Nde4 Nd5 18. Bd2 Qe7 19. Qb3 Rad8 20. Rac1 Kh8 21. Rfe1 Ne3 22. Nc5 b6 23. Ncd3 Rd6 24. Qb5 Qd7 25. Ne4 Rg6 26. Bb4 Rc8 27. Ba3 Qh3 28. Nf4 gxf4 0-1

[Event "Early-Titled-Tuesday-Blitz-January-30-2024"]
[Site "Chess.com"]
[Date "2024.01.30"]
[Round "8"]
[White "HanSchut"]
[Black "OneTrickPony_82"]
[Result "0-1"]
[WhiteElo "2256"]
[BlackElo "2506"]
[TimeControl "180+1"]
[EndTime "9:28:15 PST"]
[Termination "OneTrickPony_82 won by resignation"]

1. e4 e5 2. Nf3 Nc6 3. Bc4 Nf6 4. d4 exd4 5. e5 d5 6. Bb5 Nd7 7. O-O Be7 8. Bxc6 bxc6 9. Nxd4 Nb8 10. Nc3 O-O 11.
Qf3 a5 12. Nf5 Bxf5 13. Qxf5 Ra6 14. Be3 c5 15. Rad1 d4 16. Ne4 Qc8 17. Qxc8 Rxc8 18. Bc1 Nc6 19. f4 Nb4 20. f5 Nxc2 21. f6 Bf8 22.
fxg7 Bxg7 23. Nxc5 Rc6 24. Nd7 Rd8 25. Nf6+ Bxf6 26.
exf6 d3 27. Rf3 Rcd6 28. Rg3+ Kf8 29. Bh6+ Ke8 30. Rg8+ Kd7 31. Rxd8+ Kxd8 32. Kf2 Rxf6+ 33. Kg3 Rxh6 34. Rxd3+ Rd6 35. Rf3 Ke7 36. Rf5 Rg6+ 37. Kf2 Rf6 38. Rxf6 Kxf6 39. Ke2 Ke5 40. Kd3 Nb4+ 41.
Kc4 Nxa2 42. Kb5 Nb4 43. Kxa5 Nd3 44. b4 Ne1 45. Kb5 Kd5 46. g4 Nf3 0-1

[Event "Early-Titled-Tuesday-Blitz-January-30-2024"]
[Site "Chess.com"]
[Date "2024.01.30"]
[Round "8"]
[White "SaqoChess_Twitch"]
[Black "MightyGMpretender"]
[Result "1-0"]
[WhiteElo "2607"]
[BlackElo "2802"]
[TimeControl "180+1"]
[EndTime "9:28:19 PST"]
[Termination "SaqoChess_Twitch won by resignation"]

1. d4 Nf6 2. c3 g6 3. Nf3 Bg7 4. g3 O-O 5. Bg2 d6 6. O-O Nc6 7. Nbd2 Bf5 8. Nh4 Bd7 9. e4 Qc8 10. Qc2 Bh3 11. f4 Bxg2 12. Kxg2 Ng4 13. Ndf3 Nd8 14. h3 Nf6 15. f5 c5 16. d5 b5 17.
g4 Rb8 18. Bg5 b4 19. c4 a5 20. Rae1 a4 21. Qd2 Qa6 22. b3 Nb7 23. Bh6 Na5 24. Bxg7 Kxg7 25. e5 axb3 26. exf6+ exf6 27. g5 fxg5 28. f6+ Kh8 29. Qxg5 1-0

[Event "Early-Titled-Tuesday-Blitz-January-30-2024"]
[Site "Chess.com"]
[Date "2024.01.30"]
[Round "8"]
[White "Cheer_Down"]
[Black "IlanSchnaider"]
[Result "0-1"]
[WhiteElo "2471"]
[BlackElo "2658"]
[TimeControl "180+1"]
[EndTime "9:28:19 PST"]
[Termination "IlanSchnaider won by checkmate"]

1. e4 c5 2. Nf3 d6 3. d4 cxd4 4. Nxd4 Nf6 5. Nc3 a6 6. Rg1 b5 7. g4 Bb7 8. g5 Nxe4 9. Nxe4 Bxe4 10. a4 e5 11. Qe2 d5 12. f3 exd4 13. fxe4 Bb4+ 14.
Kd1 O-O 15. Bg2 Re8 16. axb5 Nd7 17. bxa6 dxe4 18. Bxe4 Nc5 19. Qc4 Nxe4 20. Qxb4 Nf2+ 21. Kd2 Qc7 22. Qb7 Qf4# 0-1

[Event "Early-Titled-Tuesday-Blitz-January-30-2024"]
[Site "Chess.com"]
[Date "2024.01.30"]
[Round "8"]
[White "RandomNoob04"]
[Black "Sattarov_Bobur"]
[Result "0-1"]
[WhiteElo "2569"]
[BlackElo "2768"]
[TimeControl "180+1"]
[EndTime "9:28:20 PST"]
[Termination "Sattarov_Bobur won by resignation"]

1. e4 e5 2. d4 exd4 3. Qxd4 Nc6 4. Qe3 Nf6 5. e5 Ng4 6. Qe4 Ngxe5 7. f4 d5 8. Qe2 Bg4 9. Nf3 Bxf3 10. gxf3 Qh4+ 11.
Kd1 O-O-O 12. fxe5 Qd4+ 13. Nd2 Nxe5 14. c3 Qf4 15.
Nc4 dxc4+ 16. Kc2 Qf6 17. Qe4 Nd3 18. Qxc4 Qxf3 19. Bxd3 Qxh1 20. Bf4 Qg2+ 21. Kb3 Qc6 22. Qxf7 Rxd3 23. Re1 Qd5+ 24. Qxd5 Rxd5 25. Re8+ Rd8 26.
Rxf8 Rdxf8 0-1

[Event "Early-Titled-Tuesday-Blitz-January-30-2024"]
[Site "Chess.com"]
[Date "2024.01.30"]
[Round "8"]
[White "1977Ivan"]
[Black "VomDingJetztHer"]
[Result "1-0"]
[WhiteElo "2812"]
[BlackElo "2488"]
[TimeControl "180+1"]
[EndTime "9:28:23 PST"]
[Termination "1977Ivan won by resignation"]

1. d4 Nf6 2. c4 e6 3. Nf3 d5 4. g3 dxc4 5. Bg2 Bd7 6. Ne5 Bc6 7. Nxc6 Nxc6 8. e3 Qd7 9. O-O O-O-O 10. Nd2 e5 11.
Nxc4 exd4 12. Qa4 Nd5 13. exd4 Kb8 14. Be3 h5 15. Rac1 h4 16. Rfd1 hxg3 17. hxg3 f5 18. Qb3 Be7 19. Ne5 Nxe5 20. dxe5 c6 21. Qa4 a6 22.
Qd4 Kc8 23. Bxd5 1-0

[Event "Early-Titled-Tuesday-Blitz-January-30-2024"]
[Site "Chess.com"]
[Date "2024.01.30"]
[Round "8"]
[White "TokChess"]
[Black "Harry_Rakkel"]
[Result "1-0"]
[WhiteElo "2550"]
[BlackElo "2701"]
[TimeControl "180+1"]
[EndTime "9:28:26 PST"]
[Termination "TokChess won by resignation"]

1. d4 Nf6 2. Nf3 e6 3. Bf4 b6 4. e3 Bb7 5. a4 a5 6. Nc3 d6 7. Be2 Nbd7 8. Nb5 h6 9. h3 g5 10.
Bh2 Ne4 11. O-O h5 12. Nd2 g4 13. Nxe4 Bxe4 14. f3 Bc6 15. fxg4 hxg4 16. Bxg4 Bh6 17. Bf3 Bxb5 18. axb5 d5 19. e4 Nf6 20. exd5 Nxd5 21. Qd3 Bf4 22. Bxf4 Nxf4 23. Bc6+ Kf8 24. Rxf4 Rg8 25.
Raf1 Rg7 26. Bxa8 Qxa8 27. Qf3 Qe8 28. Qc6 Qd8 29. c3 Kg8 30. Rg4 1-0